 Dungeon Crawl Stone Soup version 0.28.0-53-g5a82cb258f (webtiles) character file.

Game seed: 3753612439705260387

393 mcbry74 the Spear-Bearer (level 6, 0/44 HPs)
             Began as a Merfolk Gladiator on June 27, 2022.
             Slain by a sky beast (6 damage)
             ... on level 4 of the Dungeon.
             The game lasted 00:15:21 (4198 turns).

mcbry74 the Spear-Bearer (Merfolk Gladiator)        Turns: 4198, Time: 00:15:21

Health: 0/44       AC:  5    Str: 15    XL:     6   Next: 81%
Magic:  6/6        EV: 13    Int:  9    God:
Gold:   234        SH:  0    Dex: 15    Spells: 5/5 levels left

rFire   . . .      SeeInvis .   a - +2 trident
rCold   . . .      Faith    .   (no shield)
rNeg    . . .      Spirit   .   b - +0 leather armour
rPois   .          Reflect  .   c - +1 helmet
rElec   .          Harm     .   (no cloak)
rCorr   .          Rampage  .   (no gloves)
Will    .....                   (no boots)
Stlth   ++........              (no amulet)
HPRegen 0.14/turn               (no ring)
MPRegen 0.10/turn               (no ring)

@: no status effects
A: (nimble swimmer 2), mertail
a: no special abilities


You were on level 4 of the Dungeon.
You visited 1 branch of the dungeon, and saw 5 of its levels.

You collected 234 gold pieces.

Inventory:

Hand Weapons
 a - a +2 trident (weapon)
Missiles
 d - 2 throwing nets
 e - 5 silver javelins
 f - a poisoned dart (quivered)
 l - 3 datura-tipped darts
Armour
 b - a +0 leather armour (worn)
 c - a +1 helmet (worn)
 p - a +0 pair of gloves
Jewellery
 k - a ring of fire
 o - the ring of Wimeuceo {Fly rC- Int+4 Dex+4 SInv}
   (You found it on level 3 of the Dungeon)

   [ring of see invisible]

   Int:       It affects your intelligence (+4).
   Dex:       It affects your dexterity (+4).
   rC:        It makes you vulnerable to cold.
   SInv:      It lets you see invisible.
   Fly:       It grants you flight.
 w - a ring of fire
Wands
 i - a wand of paralysis (4)
Scrolls
 n - 2 scrolls of teleportation
 q - 2 scrolls of immolation {unknown}
 r - a scroll of vulnerability {unknown}
 u - a scroll of silence {unknown}
 v - a scroll of enchant weapon
Potions
 g - a potion of flight {unknown}
 h - 3 potions of curing
 j - 3 potions of heal wounds
 m - a potion of brilliance {unknown}
 s - 2 potions of degeneration {unknown}
 t - a potion of mutation {unknown}


   Skills:
 - Level 2.1 Fighting
 * Level 8.1 Polearms
 + Level 3.7 Throwing
 - Level 4.0 Dodging
 + Level 2.4 Stealth
 + Level 2.3 Evocations


You had 5 spell levels left.
You didn't know any spells.
Your spell library contained the following spells:

 Spells                   Type           Power      Damage    Failure   Level
 Foxfire                  Conj/Fire      0%         2x1d4     45%         1
 Conjure Flame            Conj/Fire      0%         6-21      83%         3
 Inner Flame              Hex/Fire       0%         N/A       83%         3
 Flame Wave               Conj/Fire      0%         2d4       99%         4


Dungeon Overview and Level Annotations

Branches:
Dungeon (5/15)
 Temple: D:4-7

Altars:
Vehumet

Shops:
D:1 [   D:4 [   D:5 *


Innate Abilities, Weirdness & Mutations

((You are very nimble when in or above water. (Stealth+, EV+, Speed+++)))
Your lower body shifts to a powerful aquatic tail in water.


Message History

Reactivating autopickup.
The sky beast flickers out of sight!
Deactivating autopickup; reactivate with Ctrl-A.
There is an open door here.
Something barely misses you.
A sky beast appears from thin air!
Reactivating autopickup.
The sky beast hits you but does no damage.
There is an open door here.
Throw: 3 darts (poison)
Press: ? - help, Q - select action, (/) - cycle Shift-Dir - straight line, f - sky beast
Aim: a sky beast (lightly wounded, 50% to hit)
You throw a poisoned dart.
The poisoned dart closely misses the sky beast.
There is an open door here.
Throw: 2 darts (poison)
Press: ? - help, Q - select action, (/) - cycle Shift-Dir - straight line, f/p - sky beast
Aim: a sky beast (lightly wounded, 50% to hit)
You throw a poisoned dart. The poisoned dart hits the sky beast!
The sky beast is poisoned.
The sky beast is lightly wounded.
The sky beast flickers out of sight!
Deactivating autopickup; reactivate with Ctrl-A.
Something hits you but does no damage. Something hits you.
* * * LOW HITPOINT WARNING * * *
Something shocks you.
* * * LOW HITPOINT WARNING * * *
It was a potion of heal wounds.
You feel much better. Something hits you. Something shocks you.
You completely miss something. Something hits you but does no damage.
You barely miss something. Something hits you. Something shocks you.
You miss something. Something hits you.
* * * LOW HITPOINT WARNING * * *
Something shocks you.
* * * LOW HITPOINT WARNING * * *
You miss something. Something hits you.
* * * LOW HITPOINT WARNING * * *
Something shocks you.
You die...

........#####......#..#
........#...#.........#
....(...'...'..(.#....#
...)....##..#....#######
.........##'##+#.......#
##......<#.....#.......#
.#.......#.....+......>#
.#.......#.....#{......#
.#.......#.....#@......#
##.......#######.......#
######### #########


There were no monsters in sight!

Vanquished Creatures
  A black bear (D:4)
  A phantom (D:5)
  2 iguanas
  Terence (D:2)
  5 adders
  An ufetubus (D:4)
  An adder skeleton (D:4)
  A worm (D:2)
  5 dart slugs
  9 orcs
  4 ball pythons
  5 bats
  6 endoplasms
  4 giant cockroaches
  5 goblins
  5 hobgoblins
  2 jackals (D:2)
  5 kobolds
  4 quokkas
  A frilled lizard (D:3)
  11 rats
79 creatures vanquished.

Notes
Turn   | Place    | Note
-------+----------+-------------------------------------------
     0 | D:1      | mcbry74 the Merfolk Gladiator began the quest for the Orb.
     0 | D:1      | Reached XP level 1. HP: 16/16 MP: 1/1
   168 | D:1      | Found a faded altar of an unknown god.
   191 | D:1      | Reached XP level 2. HP: 22/22 MP: 2/2
   206 | D:1      | Reached skill level 5 in Polearms
   641 | D:1      | Reached XP level 3. HP: 27/27 MP: 3/3
   834 | D:1      | Found Raij Rur's Antique Armour Shoppe.
  1054 | D:2      | Found a radiant altar of Vehumet.
  1207 | D:2      | Reached skill level 6 in Polearms
  1399 | D:2      | Reached XP level 4. HP: 29/33 MP: 4/4
  1569 | D:2      | Noticed Terence
  1617 | D:2      | Killed Terence
  1618 | D:2      | Reached skill level 1 in Evocations
  2719 | D:3      | Identified the ring of Wimeuceo {Fly rC- Int+4 Dex+4 SInv}
  2787 | D:3      | Reached XP level 5. HP: 33/38 MP: 5/5
  2998 | D:4      | Noticed a black bear
  3019 | D:4      | Killed a black bear
  3020 | D:4      | Reached skill level 7 in Polearms
  3020 | D:4      | Reached skill level 1 in Stealth
  3052 | D:4      | Found Icinkauwe's Antique Armour Shop.
  3106 | D:4      | Reached XP level 6. HP: 44/44 MP: 6/6
  3833 | D:5      | Entered Level 5 of the Dungeon
  3858 | D:5      | Found Ryjah's Lightly-Used Armoury.
  3913 | D:5      | Reached skill level 8 in Polearms
  4103 | D:5      | Noticed a sky beast
  4122 | D:4      | HP: 1/44 [something (6)]
  4198 | D:4      | Slain by a sky beast

Illustrated notes

Levels and vault maps discovered:
D:1:      minmay_arrival_semitransparent, layout_basic,
          hellmonk_ecumenical_altar_heavens_door, serial_shops, shop
D:2:      layout_loops_ring, basic_altar, minmay_rat_gold_closets, uniq_terence
D:3:      layout_basic
D:4:      layout_gridville, serial_shops, nicolae_shop_waterfront
D:5:      wander_river, layout_gridville, minivault_11, minmay_shop_damaged

Skill      XL: |  1  2  3  4  5  6 |
---------------+-------------------+-----
Polearms       | 5 6 7 8 |  8.1
Throwing       | 3 |  3.7
Evocations     | 1 2 |  2.3
Stealth        | 1 2 |  2.4
Fighting       | |  2.1
Dodging        | |  4.0

Action                   |  1- 3 |  4- 6 || total
-------------------------+-------+-------++-------
Melee: Trident           |    81 |   129 ||   210
       Punch             |       |     1 ||     1
Throw: Dart              |     2 |     7 ||     9
       Throwing net      |       |     2 ||     2
  Use: Scroll            |     4 |     2 ||     6
       Potion            |       |     2 ||     2
 Stab: Sleeping          |     4 |    10 ||    14
       Held in net/web   |       |     1 ||     1
Armor: Leather armour    |    13 |    20 ||    33
Dodge: Dodged            |    33 |    46 ||    79
